2719 views
Uploaded 2020-03-07 19:45:14
Game version 1.32.2
9:53 long 3on3 ladder game on (6)GnollWood
Saved by BEARAND
2719 views
Uploaded 2020-03-07 19:45:14
Game version 1.32.2
9:53 long 3on3 ladder game on (6)GnollWood


45 units @ 2.9k
/ 0k
68 buildings @ 4.7k
/ 1.9k


| Staff of Teleportation | 1 | 150 |
| Boots of Speed | 1 | 250 |
| total: | 2 | 400g |
| Peasant | 15 | 1125 | / | 0 |
| total: | 15 | 1125g | / | 0w |
| Scout Tower | 47 | 1410 | / | 940 |
| Arcane Tower | 2 | 140 | / | 100 |
| Guard Tower | 24 | 1680 | / | 1200 |
| Altar of Kings | 1 | 180 | / | 50 |
| Farm | 4 | 320 | / | 80 |
| Lumber Mill | 1 | 120 | / | 0 |
| Keep | 3 | 960 | / | 630 |
| total: | 53 | 2030g | / | 1070w |
| 0:02 | Peasant |
| 0:02 | Peasant |
| 0:08 | Altar of Kings |
| 0:14 | Peasant |
| 0:18 | Farm |
| 0:40 | Lumber Mill |
| 0:45 | Peasant |
| 0:45 | Peasant |
| 0:56 | Scout Tower |
| 1:07 | Peasant |
| 1:21 | Farm |
| 1:22 | Peasant |
| 1:22 | Peasant |
| 1:22 | Peasant |
| 1:32 | Peasant |
| 1:36 | Arcane Tower |
| 1:37 | Scout Tower |
| 1:39 | Peasant |
| 1:43 | Scout Tower |
| 1:44 | Scout Tower |
| 1:46 | Scout Tower |
| 1:46 | Scout Tower |
| 1:54 | Scout Tower |
| 1:59 | Improved Masonry |
| 2:01 | Scout Tower |
| 2:03 | Scout Tower |
| 2:03 | Scout Tower |
| 2:06 | Scout Tower |
| 2:07 | Blizzard |
| 2:13 | Guard Tower |
| 2:15 | Guard Tower |
| 2:17 | Arcane Tower |
| 2:34 | Scout Tower |
| 2:36 | Scout Tower |
| 2:38 | Guard Tower |
| 2:45 | Guard Tower |
| 2:48 | Scout Tower |
| 2:48 | Scout Tower |
| 2:49 | Guard Tower |
| 2:51 | Scout Tower |
| 2:52 | Peasant |
| 2:52 | Peasant |
| 2:52 | Peasant |
| 2:52 | Peasant |
| 3:09 | Guard Tower |
| 3:33 | Guard Tower |
| 3:34 | Scout Tower |
| 3:35 | Scout Tower |
| 3:36 | Guard Tower |
| 3:36 | Guard Tower |
| 3:37 | Scout Tower |
| 3:38 | Scout Tower |
| 3:40 | Staff of Teleportation |
| 3:41 | Boots of Speed |
| 3:56 | Guard Tower |
| 3:58 | Keep |
| 4:12 | Scout Tower |
| 4:14 | Scout Tower |
| 4:14 | Scout Tower |
| 4:15 | Scout Tower |
| 4:15 | Scout Tower |
| 4:24 | Guard Tower |
| 4:25 | Scout Tower |
| 4:26 | Scout Tower |
| 5:17 | Guard Tower |
| 5:18 | Guard Tower |
| 5:19 | Farm |
| 5:19 | Farm |
| 5:41 | Scout Tower |
| 5:41 | Scout Tower |
| 5:42 | Scout Tower |
| 5:42 | Scout Tower |
| 5:43 | Guard Tower |
| 5:44 | Guard Tower |
| 5:45 | Scout Tower |
| 5:46 | Scout Tower |
| 5:46 | Scout Tower |
| 5:46 | Scout Tower |
| 5:46 | Scout Tower |
| 5:47 | Scout Tower |
| 5:47 | Scout Tower |
| 6:13 | Guard Tower |
| 6:20 | Scout Tower |
| 6:20 | Scout Tower |
| 6:20 | Scout Tower |
| 6:21 | Scout Tower |
| 6:22 | Scout Tower |
| 6:48 | Guard Tower |
| 7:09 | Brilliance Aura |
| 7:18 | Storm Bolt |
| 8:18 | Guard Tower |
| 8:37 | Guard Tower |
| 8:40 | Scout Tower |
| 8:41 | Scout Tower |
| 8:41 | Scout Tower |
| 8:41 | Scout Tower |
| 9:38 | Guard Tower |
| Right click | 756 |
| Select group | 207 |
| Select | 148 |
| Build/train/purchase | 56 |
| Chat | 52 |
| Use ability | 15 |
| Assign group | 4 |
| Misc. action | 3 |
| Minimap ping | 1 |



| Staff of Teleportation | 2 | 300 |
| Boots of Speed | 2 | 500 |
| total: | 4 | 800g |
| Wisp | 14 | 840 | / | 0 |
| total: | 14 | 840g | / | 0w |
| Ancient Protector | 2 | 270 | / | 160 |
| Altar of Elders | 1 | 180 | / | 50 |
| Moon Well | 4 | 720 | / | 160 |
| Hunter's Hall | 1 | 210 | / | 100 |
| Tree of Ages | 1 | 320 | / | 180 |
| Tree of Eternity | 1 | 330 | / | 200 |
| total: | 8 | 1380g | / | 470w |
| 0:11 | Wisp |
| 0:13 | Altar of Elders |
| 0:14 | Wisp |
| 0:27 | Moon Well |
| 0:28 | Wisp |
| 0:34 | Wisp |
| 0:59 | Wisp |
| 1:10 | Wisp |
| 1:12 | Wisp |
| 1:22 | Wisp |
| 1:30 | Moon Well |
| 1:33 | Wisp |
| 1:52 | Wisp |
| 2:18 | Entangling Roots |
| 2:21 | Wisp |
| 2:41 | Wisp |
| 3:07 | Wisp |
| 3:08 | Wisp |
| 3:54 | Tree of Ages |
| 4:02 | Staff of Teleportation |
| 4:03 | Boots of Speed |
| 4:41 | Hunter's Hall |
| 5:04 | Moon Well |
| 6:02 | Moon Well |
| 6:24 | Tree of Eternity |
| 6:30 | Frost Arrows |
| 6:34 | Thorns Aura |
| 7:11 | Staff of Teleportation |
| 7:12 | Boots of Speed |
| 9:33 | Soul Burn |
| 9:47 | Ancient Protector |
| 9:48 | Ancient Protector |
| Right click | 481 |
| Assign group | 200 |
| Select | 189 |
| Select group | 175 |
| Build/train/purchase | 29 |
| Use ability | 16 |
| Resource trade | 16 |
| Minimap ping | 5 |


| Boots of Speed | 1 | 250 |
| Staff of Teleportation | 1 | 150 |
| total: | 2 | 400g |
| Wisp | 16 | 960 | / | 0 |
| total: | 16 | 960g | / | 0w |
| Altar of Elders | 1 | 180 | / | 50 |
| Moon Well | 5 | 900 | / | 200 |
| Hunter's Hall | 1 | 210 | / | 100 |
| Tree of Ages | 1 | 320 | / | 180 |
| Tree of Eternity | 1 | 330 | / | 200 |
| total: | 7 | 1290g | / | 350w |
| 0:01 | Wisp |
| 0:06 | Altar of Elders |
| 0:09 | Wisp |
| 0:19 | Moon Well |
| 0:21 | Moon Well |
| 0:22 | Wisp |
| 0:28 | Wisp |
| 0:36 | Wisp |
| 1:04 | Wisp |
| 1:15 | Moon Well |
| 1:28 | Wisp |
| 1:28 | Wisp |
| 1:34 | Wisp |
| 1:44 | Wisp |
| 1:57 | Wisp |
| 2:11 | Wisp |
| 2:15 | Shadow Strike |
| 2:33 | Moon Well |
| 2:35 | Wisp |
| 2:45 | Wisp |
| 2:46 | Wisp |
| 2:53 | Wisp |
| 3:40 | Moon Well |
| 3:43 | Tree of Ages |
| 3:55 | Boots of Speed |
| 3:58 | Staff of Teleportation |
| 6:22 | Tree of Eternity |
| 6:41 | Blink |
| 7:24 | Mana Burn |
| 8:47 | Hunter's Hall |
| 8:52 | Nature's Blessing |
| Right click | 451 |
| Assign group | 432 |
| Select group | 172 |
| Select | 68 |
| Resource trade | 43 |
| Build/train/purchase | 29 |
| Use ability | 18 |
| Misc. action | 3 |
| Minimap ping | 3 |
| Item give/drop | 1 |
64 units @ 6.1k
/ 0.4k
21 buildings @ 3.5k
/ 0.9k

| Healing Salve | 1 | 100 |
| total: | 1 | 100g |
| Peon | 8 | 600 | / | 0 |
| Troll Headhunter | 7 | 980 | / | 140 |
| total: | 15 | 1580g | / | 140w |
| Orc Burrow | 3 | 480 | / | 120 |
| Altar of Storms | 1 | 180 | / | 50 |
| War Mill | 1 | 205 | / | 0 |
| Barracks | 1 | 180 | / | 50 |
| Voodoo Lounge | 1 | 130 | / | 30 |
| Stronghold | 1 | 315 | / | 190 |
| total: | 7 | 1175g | / | 250w |
| 0:03 | Peon |
| 0:03 | Peon |
| 0:03 | Peon |
| 0:04 | Peon |
| 0:04 | Peon |
| 0:20 | Orc Burrow |
| 0:37 | Altar of Storms |
| 0:52 | War Mill |
| 1:08 | Barracks |
| 1:13 | Peon |
| 1:27 | Peon |
| 1:47 | Orc Burrow |
| 1:54 | Peon |
| 2:09 | Troll Headhunter |
| 2:13 | Voodoo Lounge |
| 2:25 | Troll Headhunter |
| 2:39 | War Stomp |
| 3:06 | Stronghold |
| 3:23 | Troll Headhunter |
| 3:23 | Troll Headhunter |
| 3:30 | Troll Headhunter |
| 3:45 | Orc Burrow |
| 3:57 | Troll Headhunter |
| 4:07 | Healing Salve |
| 4:54 | Troll Headhunter |
| 4:56 | Steel Ranged Weapons |
| Right click | 162 |
| Select | 106 |
| Select group | 27 |
| Build/train/purchase | 25 |
| Assign group | 15 |
| Minimap ping | 1 |

| Wisp | 14 | 840 | / | 0 |
| Archer | 16 | 2080 | / | 160 |
| Glaive Thrower | 1 | 210 | / | 65 |
| total: | 31 | 3130g | / | 225w |
| Altar of Elders | 1 | 180 | / | 50 |
| Moon Well | 4 | 720 | / | 160 |
| Ancient of War | 2 | 300 | / | 120 |
| Hunter's Hall | 1 | 210 | / | 100 |
| total: | 8 | 1410g | / | 430w |
| 0:07 | Wisp |
| 0:07 | Wisp |
| 0:07 | Wisp |
| 0:07 | Wisp |
| 0:07 | Wisp |
| 0:25 | Altar of Elders |
| 0:41 | Moon Well |
| 0:54 | Ancient of War |
| 1:14 | Wisp |
| 1:14 | Wisp |
| 1:14 | Wisp |
| 1:14 | Wisp |
| 2:09 | Moon Well |
| 2:16 | Ancient of War |
| 2:40 | Archer |
| 2:44 | Archer |
| 3:17 | Archer |
| 3:21 | Archer |
| 3:21 | Archer |
| 3:21 | Archer |
| 3:22 | Archer |
| 3:24 | Archer |
| 3:34 | Immolation |
| 4:23 | Archer |
| 4:23 | Archer |
| 4:23 | Archer |
| 4:31 | Hunter's Hall |
| 4:33 | Wisp |
| 4:33 | Wisp |
| 5:00 | Archer |
| 5:00 | Archer |
| 5:21 | Moon Well |
| 6:09 | Strength of the Moon |
| 6:10 | Moon Armor |
| 6:17 | Moon Well |
| 6:45 | Archer |
| 7:23 | Archer |
| 7:23 | Archer |
| 8:15 | Reinforced Hides |
| 8:15 | Strength of the Wild |
| 8:41 | Glaive Thrower |
| 8:48 | Wisp |
| 8:48 | Wisp |
| 8:48 | Wisp |
| Right click | 326 |
| Select | 94 |
| Build/train/purchase | 38 |
| Remove unit | 1 |

| Wisp | 13 | 780 | / | 0 |
| Archer | 5 | 650 | / | 50 |
| total: | 18 | 1430g | / | 50w |
| Altar of Elders | 1 | 180 | / | 50 |
| Ancient of War | 1 | 150 | / | 60 |
| Moon Well | 3 | 540 | / | 120 |
| Ancient of Wonders | 1 | 90 | / | 30 |
| Tree of Ages | 1 | 320 | / | 180 |
| total: | 6 | 960g | / | 260w |
| 0:01 | Wisp |
| 0:05 | Altar of Elders |
| 0:08 | Ancient of War |
| 0:13 | Wisp |
| 0:17 | Moon Well |
| 0:24 | Wisp |
| 0:24 | Wisp |
| 0:34 | Wisp |
| 0:34 | Wisp |
| 0:43 | Wisp |
| 0:54 | Wisp |
| 1:04 | Wisp |
| 1:18 | Archer |
| 1:18 | Archer |
| 1:25 | Wisp |
| 1:37 | Moon Well |
| 1:47 | Archer |
| 1:56 | Ancient of Wonders |
| 2:02 | Wisp |
| 2:17 | Mana Burn |
| 2:29 | Archer |
| 2:30 | Wisp |
| 2:31 | Wisp |
| 2:56 | Tree of Ages |
| 3:25 | Archer |
| 3:42 | Evasion |
| 4:01 | Moon Well |
| Right click | 269 |
| Select | 99 |
| Select group | 85 |
| Build/train/purchase | 27 |
| Assign group | 22 |
| Use ability | 12 |
| Misc. action | 4 |
| Minimap ping | 2 |
โ